 Dungeon Crawl Stone Soup version 0.22-a0-38-gc6ec8ce517 (console) character file.

2511 Harunobu the Cudgeler (level 9, 0/87 HPs)
             Began as a Troll Fighter on Jan 4, 2018.
             Slain by bosakos's ghost (3 damage)
             ... on level 6 of the Dungeon.
             The game lasted 00:15:55 (5711 turns).

Harunobu the Cudgeler (Troll Fighter)               Turns: 5711, Time: 00:15:55

Health: 0/87       AC:  6    Str: 27    XL:     9   Next: 28%
Magic:  8/8        EV: 10    Int:  4    God:
Gold:   363        SH: 10    Dex: 11    Spells: 8/8 levels left

rFire    . . .     SeeInvis .   p - +1 whip (elec)
rCold    . . .     Gourm    +   c - +0 shield
rNeg     + . .     Faith    .   b - +0 robe
rPois    .         Spirit   .   (helmet restricted)
rElec    .         Reflect  .   e - +0 cloak
rCorr    .         Harm     .   (gloves unavailable)
MR       .....                  (boots unavailable)
Stlth    ++........             (no amulet)
HPRegen  0.64/turn              A - ring of positive energy
MPRegen  0.11/turn              j - ring of flight

@: no status effects
A: large, unfitting armour, claws 3, fast metabolism 3, gourmand, regeneration
1, shaggy fur 1, tough skin 2
a: Evoke Flight


You were on level 6 of the Dungeon.
You were completely stuffed.

You visited 1 branch of the dungeon, and saw 6 of its levels.

You collected 363 gold pieces.

Inventory:

Hand Weapons
 a - a +0 flail
 p - a +1 whip of electrocution (weapon)
Armour
 b - a +0 robe (worn)
 c - a +0 shield (worn)
 e - a +0 cloak (worn)
Jewellery
 i - an uncursed ring of see invisible
 j - a ring of flight (right claw)
 A - a ring of positive energy (left claw)
Wands
 v - a wand of iceblast (5)
 w - a wand of polymorph (12)
 B - a wand of digging (11)
 D - a wand of random effects (24)
Scrolls
 g - a scroll of immolation {unknown}
 h - a scroll of noise {unknown}
 k - a scroll of identify {unknown}
 m - 6 scrolls of teleportation {unknown}
 n - 5 scrolls of remove curse {unknown}
 s - 7 scrolls of magic mapping {unknown}
 t - a scroll of enchant weapon {unknown}
 x - 2 scrolls of enchant armour {unknown}
 y - a scroll of blinking {unknown}
 C - a scroll of random uselessness {unknown}
Potions
 d - a potion of might
 l - a potion of agility {unknown}
 o - 2 potions of curing {unknown}
 q - 3 potions of heal wounds {unknown}
 r - 3 potions of lignification {unknown}
 u - a potion of mutation {unknown}
 z - a potion of degeneration {unknown}
Comestibles
 f - 12 rations
 E - 2 chunks of flesh


   Skills:
 + Level 4.9 Fighting
 + Level 7.7 Maces & Flails
 + Level 5.3 Dodging
 + Level 1.5 Stealth
 + Level 4.7 Shields


You had 8 spell levels left.
You didn't know any spells.

Dungeon Overview and Level Annotations

Branches:
Dungeon (6/15)
 Temple: D:4-7

Altars:
Gozag
Ru
Sif Muna

Annotations:
D:6 Prince Ribbit; bosakos's ghost, novice MiFi


Innate Abilities, Weirdness & Mutations

You are too large for most types of armour.
You have claws for hands.
Your metabolism is lightning-fast.
You like to eat raw meat.
Your natural rate of healing is unusually fast.
You are covered in fur. (AC +1)
You have very tough skin. (AC +2)


Message History

Bosakos's ghost is heavily damaged.
Bosakos's ghost hits you.
* * * LOW HITPOINT WARNING * * *
You barely miss bosakos's ghost.
Bosakos's ghost is heavily damaged.
You block bosakos's ghost's attack.
You hit bosakos's ghost but do no damage.
Bosakos's ghost is heavily damaged.
You hit bosakos's ghost but do no damage.
Bosakos's ghost is heavily damaged.
Bosakos's ghost hits you!
* * * LOW HITPOINT WARNING * * *
You hit bosakos's ghost.
Bosakos's ghost is heavily damaged.
Bosakos's ghost hits you!
* * * LOW HITPOINT WARNING * * *
You hit bosakos's ghost but do no damage.
Bosakos's ghost is heavily damaged.
Bosakos's ghost hits you.
You die...

#.....#...#.##
###.........##..
##..........)#.##
#####.###.....#.#)##
#.....# #..#>...#.#
#.###.###..#..###.#
##...#........#
#########..###..#####
#.....@W[..# #..
#.#######........
#####... ..# .# #


You could see bosakos's ghost.

Vanquished Creatures
  Pikel (D:4)
  Grinder (D:5)
  Sigmund (D:3)
  Duvessa (D:5)
  A sky beast (D:6)
  An ice beast (D:5)
  A phantom (D:5)
  A slave (D:4)
  3 centaurs
  An ogre (D:5)
  A bullfrog (D:6)
  Dowan (D:5)
  A scorpion (D:4)
  A howler monkey (D:4)
  2 crimson imps
  2 hounds
  5 orc wizards
  6 orc priests
  Jessica (D:3)
  Ijyb (D:3)
  2 worker ants (D:4)
  A hound skeleton (D:5)
  8 gnolls
  A howler monkey skeleton (D:5)
  6 adders
  An ooze (D:3)
  An adder skeleton (D:4)
  2 worms (D:3)
  4 dart slugs
  2 leopard geckos
  22 orcs
  7 giant cockroaches
  10 goblins
  9 hobgoblins
  13 jackals
  2 quokkas
  2 ball pythons
  8 bats
  5 frilled lizards
  10 kobolds
  7 rats
156 creatures vanquished.

Notes
Turn   | Place    | Note
-------+----------+-------------------------------------------
     0 | D:1      | Harunobu the Troll Fighter began the quest for the Orb.
     0 | D:1      | Reached XP level 1. HP: 22/22 MP: 0/0
   178 | D:1      | Reached XP level 2. HP: 29/29 MP: 1/1
   663 | D:1      | Reached skill level 2 in Maces & Flails
   684 | D:1      | Reached XP level 3. HP: 36/36 MP: 2/2
  1154 | D:2      | Found a deep blue altar of Sif Muna.
  1253 | D:2      | Reached XP level 4. HP: 28/45 MP: 3/3
  1497 | D:2      | Reached skill level 3 in Maces & Flails
  1908 | D:3      | Reached XP level 5. HP: 53/53 MP: 4/4
  2142 | D:3      | Found a faded altar of an unknown god.
  2190 | D:3      | Noticed Ijyb
  2223 | D:3      | Killed Ijyb
  2430 | D:3      | Noticed Sigmund
  2430 | D:3      | Noticed Jessica
  2472 | D:3      | Killed Sigmund
  2472 | D:3      | Reached skill level 4 in Maces & Flails
  2472 | D:3      | Reached XP level 6. HP: 45/61 MP: 5/5
  2474 | D:3      | Killed Jessica
  3390 | D:3      | Reached XP level 7. HP: 55/67 MP: 6/6
  3853 | D:4      | Reached skill level 5 in Maces & Flails
  3962 | D:5      | Entered Level 5 of the Dungeon
  3974 | D:5      | Noticed Pikel
  4184 | D:4      | HP: 1/68 [Pikel/whip of electrocution (20)]
  4286 | D:4      | Killed Pikel
  4286 | D:4      | Reached skill level 6 in Maces & Flails
  4286 | D:4      | Reached skill level 1 in Stealth
  4286 | D:4      | Reached XP level 8. HP: 34/78 MP: 7/7
  4804 | D:5      | Noticed Dowan
  4805 | D:5      | Noticed Duvessa
  4818 | D:5      | Killed Duvessa
  4824 | D:5      | Killed Dowan
  4824 | D:5      | Reached skill level 7 in Maces & Flails
  4905 | D:5      | Noticed Grinder
  4915 | D:5      | Paralysed by Grinder for 6 turns
  4933 | D:5      | Killed Grinder
  4933 | D:5      | Reached XP level 9. HP: 46/85 MP: 8/8
  5098 | D:6      | Reached skill level 5 in Dodging
  5345 | D:6      | Noticed Prince Ribbit
  5410 | D:6      | Found an opulent altar of Gozag.
  5410 | D:6      | Found a sacrificial altar of Ru.
  5681 | D:6      | Noticed bosakos's ghost (novice MiFi)
  5710 | D:6      | HP: 2/87 [bosakos's ghost (15)]
  5711 | D:6      | Slain by bosakos's ghost

Vault maps used:
D:1:      grunt_arrival_lava_bath, columned_hall_lemuel
D:2:      marbit_many_paths, minmay_mini_jars
D:3:      chequers_ecumenical_altar_simple, first_ration, uniq_sigmund,
          uniq_jessica, uniq_ijyb
D:4:      corexii_checkpoint_b
D:5:      serial_curves, eino_curves_01, eino_curves_03, nrook_mini_vaults,
          minmay_door_square, grunt_ministairs_13, uniq_pikel, uniq_duvessa,
          uniq_grinder
D:6:      gammafunk_temple_overflow_pools, uniq_crazy_yiuf_cottage,
          uniq_prince_ribbit1

Skill      XL: |  1  2  3  4  5  6  7  8  9 |
---------------+----------------------------+-----
Maces & Flails | 2 3 4 6 7 |  7.7
Fighting       | 3 4 |  4.9
Shields        | 3 4 |  4.7
Dodging        | 3 4 5 |  5.3
Stealth        | 1 |  1.5

Action                   |  1- 3 |  4- 6 |  7- 9 || total
-------------------------+-------+-------+-------++-------
Melee: Flail             |   128 |   318 |    82 ||   528
       Unarmed           |       |     2 |       ||     2
       Whip              |       |       |   194 ||   194
 Stab: Sleeping          |       |     2 |     1 ||     3
       Distracted        |       |       |     1 ||     1
  Eat: Chunk             |    17 |    21 |    22 ||    60
Armor: Robe              |    82 |   120 |    47 ||   249
Dodge: Dodged            |    57 |   124 |    62 ||   243
Block: Shield            |    81 |   172 |    99 ||   352

Table legend:
 A = Spawn XP
 B = Non-spawn XP
 C = Spawn XP percentage of total XP
 D = Spawn monster count
 E = Non-spawn monster count
 F = Spawn count percentage of total count
 G = Total turns spent on level
                    A         B        C        D         E        F      G
               +---------+---------+-------+---------+---------+-------+---------
         Total |       0 |    3588 |   0.0 |       0 |     155 |   0.0 |  5711
               +---------+---------+-------+---------+---------+-------+---------
           D:1 |       0 |      50 |   0.0 |       0 |      22 |   0.0 |   988
           D:2 |       0 |     158 |   0.0 |       0 |      44 |   0.0 |   976
           D:3 |       0 |     401 |   0.0 |       0 |      35 |   0.0 |  1005
           D:4 |       0 |     958 |   0.0 |       0 |      18 |   0.0 |  1243
           D:5 |       0 |    1312 |   0.0 |       0 |      19 |   0.0 |   953
           D:6 |       0 |     709 |   0.0 |       0 |      17 |   0.0 |   546
               +---------+---------+-------+---------+---------+-------+---------
